 Dungeon Crawl Stone Soup version 0.22.1-2-g9c5b331383 (webtiles) character file.

124 JGreham the Poker (level 4, -2/40 HPs)
             Began as a Draconian Berserker on Jan 1, 2019.
             Was a Priest of Trog.
             Slain by a sky beast (5 damage)
             ... on level 4 of the Dungeon.
             The game lasted 00:05:04 (1957 turns).

JGreham the Poker (Draconian Berserker)             Turns: 1957, Time: 00:05:05

Health: -2/40      AC:  5    Str: 19 (20) XL:     4   Next: 81%
Magic:  4/4        EV: 13    Int:  8      God:    Trog [***...]
Gold:   98         SH:  0    Dex: 10      Spells: 3/3 levels left

rFire    . . .     SeeInvis .   i - +0 trident
rCold    . . .     Gourm    .   (no shield)
rNeg     . . .     Faith    .   (armour unavailable)
rPois    .         Spirit   .   (helmet restricted)
rElec    .         Reflect  .   (no cloak)
rCorr    .         Harm     .   (no gloves)
MR       .....                  (no boots)
Stlth    +.........             f - amulet of the acrobat
HPRegen  0.13/turn              (no ring)
MPRegen  0.09/turn              (no ring)

@: no status effects
A: unfitting armour, cold-blooded, AC +5
a: Berserk, Trog's Hand, Renounce Religion


You were on level 4 of the Dungeon.
You worshipped Trog.
Trog was most pleased with you.
You were not hungry.

You visited 1 branch of the dungeon, and saw 4 of its levels.

You collected 98 gold pieces.

Inventory:

Hand Weapons
 a - a +0 spear
 g - a +0 rapier
 i - a +0 trident (weapon)
Jewellery
 e - an uncursed amulet of magic regeneration
 f - an amulet of the acrobat (around neck)
Scrolls
 c - 3 scrolls of remove curse
 k - 2 scrolls of identify
Potions
 d - a potion of flight
 h - a potion of brilliance
Comestibles
 b - 4 rations


   Skills:
 + Level 4.1 Fighting
 + Level 4.3 Polearms
 + Level 3.5 Dodging


You had 3 spell levels left.
You didn't know any spells.
Your spell library was empty.

Dungeon Overview and Level Annotations

Branches:
Dungeon (4/15)
 Temple: D:4-7

Altars:
Uskayaw
Vehumet
Wu Jian
Yredelemnul
The Shining One


Innate Abilities, Weirdness & Mutations

Your plain brown scales are hard. (AC +5)
You cannot fit into any form of body armour.
You are cold-blooded and may be slowed by cold attacks.


Message History

You feel your intelligence returning. The hound skeleton barely misses you.
The jackal barely misses you. The jackal completely misses you.
Something hits you. Something shocks you.
* * * LOW HITPOINT WARNING * * *
The hound skeleton bites you but does no damage.
You hit something. You tail-slap something. The jackal closely misses you.
The jackal misses you.
The hound skeleton bites you but does no damage.
A sky beast appears from thin air!
Reactivating autopickup.
The sky beast hits you.
* * * LOW HITPOINT WARNING * * *
The sky beast shocks you.
* * * LOW HITPOINT WARNING * * *
The jackal bites you but does no damage.
You hit the sky beast.
The sky beast is moderately wounded.
The jackal closely misses you. The hound skeleton barely misses you.
The jackal closely misses you. The sky beast hits you.
You die...

# .## ....#
... >...# #.#
...(# #.#
..$.# #.#
....#
##.####....#
#....h#....#
#....h@Y$..#
#....Z#....#
#............#
#......#######
#..?[.##
#....[#
#.....#
#.##...†.#
#.###..###


You could see a sky beast, 2 jackals and a hound skeleton.

Vanquished Creatures
  A worker ant (D:4)
  2 adders
  An ooze (D:1)
  2 worms (D:3)
  4 dart slugs
  A leopard gecko (D:1)
  An orc (D:3)
  2 giant cockroaches
  9 goblins
  12 hobgoblins
  4 jackals
  7 bats
  3 frilled lizards
  5 kobolds
  9 rats
63 creatures vanquished.

Notes
Turn   | Place    | Note
-------+----------+-------------------------------------------
     0 | D:1      | JGreham the Draconian Berserker began the quest for the
                  | Orb.
     0 | D:1      | Reached XP level 1. HP: 19/19 MP: 1/1
    71 | D:1      | Reached XP level 2. HP: 14/26 MP: 2/2
   530 | D:1      | Reached XP level 3. HP: 33/33 MP: 3/3
   536 | D:1      | Reached ** piety under Trog
   823 | D:2      | Found a glowing golden altar of the Shining One.
  1042 | D:2      | Found a faded altar of an unknown god.
  1145 | D:2      | Found a faded altar of an unknown god.
  1145 | D:2      | Found a hide-covered altar of Uskayaw.
  1154 | D:2      | Found a basalt altar of Yredelemnul.
  1156 | D:2      | Found a radiant altar of Vehumet.
  1157 | D:2      | Found an ornate altar of the Wu Jian Council.
  1306 | D:3      | Reached XP level 4. HP: 36/40 MP: 4/4
  1858 | D:3      | Reached *** piety under Trog
  1937 | D:4      | Noticed a sky beast
  1956 | D:4      | HP: 2/40 [sky beast (6)]
  1957 | D:4      | Slain by a sky beast

Skill      XL: |  1  2  3  4 |
---------------+-------------+-----
Dodging        | 3 |  3.5
Fighting       | 4 |  4.1
Polearms       | 4 |  4.3

Action                   |  1- 3 |  4- 6 || total
-------------------------+-------+-------++-------
Melee: Spear             |   148 |    70 ||   218
       Tailslap          |    23 |     6 ||    29
       Trident           |       |    17 ||    17
  Use: Scroll            |     5 |     2 ||     7
       Potion            |     2 |     1 ||     3
 Stab: Sleeping          |       |     1 ||     1
  Eat: Ration            |     1 |       ||     1
Armor: Skin              |    22 |    25 ||    47
Dodge: Dodged            |    62 |    94 ||   156
